Workbook

Sheet Sheet1
F2: Legend
F3: Blue = Input
F4: Black = Output/Calculation
F5: New to Level 2
F6: Analysis Start Date | G6: 44197
B7: Appraisal | M7: Cash Flow
B9: Accomodation Schedule | G9: Operational Income
P10: =Sheet1!G6 -> 44197 | Q10: =EDATE(P10,1) -> 44228 | R10: =EDATE(Q10,1) -> 44256 | S10: =EDATE(R10,1) -> 44287 | T10: =EDATE(S10,1) -> 44317 | U10: =EDATE(T10,1) -> 44348 | V10: =EDATE(U10,1) -> 44378 | W10: =EDATE(V10,1) -> 44409 | X10: =EDATE(W10,1) -> 44440 | ... EF10: =EDATE(EE10,1) -> 47849
B11: Apartment Type | C11: # units | D11: Rent p/m | E11: Sqft NIA | G11: Rental Income p/a | I11: =D16*12 -> 8946000 | N11: Total
B12: Studio | C12: 75 | D12: 1500 | E12: 450 | G12: Management Cost | H12: 0.25 | I12: =I11*H12 -> 2236500 | M12: =Sheet1!B21 -> Purchase Price | N12: =SUM(P12:EF12) -> -25000000 | P12: =-Sheet1!D21 -> -25000000
B13: 1 Bed Apart. | C13: 150 | D13: 1800 | E13: 550 | G13: NOI p/a | I13: =I11-I12 -> 6709500 | M13: =Sheet1!B22 -> Stamp Duty | N13: =SUM(P13:EF13) -> -1250000 | P13: =-Sheet1!D22 -> -1250000
B14: 2 Bed Apart. | C14: 120 | D14: 2400 | E14: 750 | M14: =Sheet1!B23 -> Legal | N14: =SUM(P14:EF14) -> -50000 | P14: =-Sheet1!D23 -> -50000
B15: 3 Bed Apart. | C15: 25 | D15: 3000 | E15: 1000 | G15: Yield on Cost | H15: =I13/E47 -> 0.076234743 | M15: =Sheet1!B24 -> Due Diligence | N15: =SUM(P15:EF15) -> -50000 | P15: =-Sheet1!D24 -> -50000
B16: Total | C16: =SUM(C12:C15) -> 370 | D16: =SUMPRODUCT(D12:D15,$C$12:$C$15) -> 745500 | E16: =SUMPRODUCT(E12:E15,$C$12:$C$15) -> 231250
G17: Years held after PC | I17: 5 | M17: Hard Build Costs | N17: =SUM(P17:EF17) -> -55000000 | P17: =IF(AND(P$10>=$D$28,P$10<$D$30),-$D34/$D$29,0) -> 0 | Q17: =IF(AND(Q$10>=$D$28,Q$10<$D$30),-$D34/$D$29,0) -> 0 | R17: =IF(AND(R$10>=$D$28,R$10<$D$30),-$D34/$D$29,0) -> -2291666.7 | S17: =IF(AND(S$10>=$D$28,S$10<$D$30),-$D34/$D$29,0) -> -2291666.7 | T17: =IF(AND(T$10>=$D$28,T$10<$D$30),-$D34/$D$29,0) -> -2291666.7 | U17: =IF(AND(U$10>=$D$28,U$10<$D$30),-$D34/$D$29,0) -> -2291666.7 | V17: =IF(AND(V$10>=$D$28,V$10<$D$30),-$D34/$D$29,0) -> -2291666.7 | W17: =IF(AND(W$10>=$D$28,W$10<$D$30),-$D34/$D$29,0) -> -2291666.7 | ... EF17: =IF(AND(EF$10>=$D$28,EF$10<$D$30),-$D34/$D$29,0) -> 0
B18: Costs | G18: Total Income from Operations | J18: =I17*I13 -> 33547500 | M18: Soft Build Costs | N18: =SUM(P18:EF18) -> -5500000 | P18: =IF(AND(P$10>=$D$28,P$10<$D$30),-$D35/$D$29,0) -> 0 | Q18: =IF(AND(Q$10>=$D$28,Q$10<$D$30),-$D35/$D$29,0) -> 0 | R18: =IF(AND(R$10>=$D$28,R$10<$D$30),-$D35/$D$29,0) -> -229166.67 | S18: =IF(AND(S$10>=$D$28,S$10<$D$30),-$D35/$D$29,0) -> -229166.67 | T18: =IF(AND(T$10>=$D$28,T$10<$D$30),-$D35/$D$29,0) -> -229166.67 | U18: =IF(AND(U$10>=$D$28,U$10<$D$30),-$D35/$D$29,0) -> -229166.67 | V18: =IF(AND(V$10>=$D$28,V$10<$D$30),-$D35/$D$29,0) -> -229166.67 | W18: =IF(AND(W$10>=$D$28,W$10<$D$30),-$D35/$D$29,0) -> -229166.67 | ... EF18: =IF(AND(EF$10>=$D$28,EF$10<$D$30),-$D35/$D$29,0) -> 0
B20: Purchase Costs | G20: Investment Finance | M20: Rental Income | N20: =SUM(P20:EF20) -> 44730000 | P20: =IF(AND(P10>=$D$30,P10<EDATE($D$30,$I$17*12)),$I$11/12,0) -> 0 | Q20: =IF(AND(Q10>=$D$30,Q10<EDATE($D$30,$I$17*12)),$I$11/12,0) -> 0 | R20: =IF(AND(R10>=$D$30,R10<EDATE($D$30,$I$17*12)),$I$11/12,0) -> 0 | S20: =IF(AND(S10>=$D$30,S10<EDATE($D$30,$I$17*12)),$I$11/12,0) -> 0 | T20: =IF(AND(T10>=$D$30,T10<EDATE($D$30,$I$17*12)),$I$11/12,0) -> 0 | U20: =IF(AND(U10>=$D$30,U10<EDATE($D$30,$I$17*12)),$I$11/12,0) -> 0 | V20: =IF(AND(V10>=$D$30,V10<EDATE($D$30,$I$17*12)),$I$11/12,0) -> 0 | W20: =IF(AND(W10>=$D$30,W10<EDATE($D$30,$I$17*12)),$I$11/12,0) -> 0 | ... EF20: =IF(AND(EF10>=$D$30,EF10<EDATE($D$30,$I$17*12)),$I$11/12,0) -> 0
B21: Purchase Price | D21: 25000000 | M21: Management Cost | N21: =SUM(P21:EF21) -> -11182500 | P21: =P20*-$H$12 -> 0 | Q21: =Q20*-$H$12 -> 0 | R21: =R20*-$H$12 -> 0 | S21: =S20*-$H$12 -> 0 | T21: =T20*-$H$12 -> 0 | U21: =U20*-$H$12 -> 0 | V21: =V20*-$H$12 -> 0 | W21: =W20*-$H$12 -> 0 | ... EF21: =EF20*-$H$12 -> 0
B22: Stamp Duty | C22: 0.05 | D22: =D21*C22 -> 1250000 | G22: Loan to value | H22: 0.5 | I22: =H22*I36 -> 67095000
B23: Legal | D23: 50000 | G23: Interest | H23: 0.025 | J23: =SUM(P32:EF32) -> 7932160.9 | M23: Sale | N23: =SUM(P23:EF23) -> 134190000 | P23: =(P10=$I$33)*$I$36 -> 0 | Q23: =(Q10=$I$33)*$I$36 -> 0 | R23: =(R10=$I$33)*$I$36 -> 0 | S23: =(S10=$I$33)*$I$36 -> 0 | T23: =(T10=$I$33)*$I$36 -> 0 | U23: =(U10=$I$33)*$I$36 -> 0 | V23: =(V10=$I$33)*$I$36 -> 0 | W23: =(W10=$I$33)*$I$36 -> 0 | ... EF23: =(EF10=$I$33)*$I$36 -> 0
B24: Due Diligence | D24: 50000 | G24: Amortisation | H24: 30 | M24: Sales Cost | N24: =SUM(P24:EF24) -> -2683800 | P24: =P23*-$H$37 -> 0 | Q24: =Q23*-$H$37 -> 0 | R24: =R23*-$H$37 -> 0 | S24: =S23*-$H$37 -> 0 | T24: =T23*-$H$37 -> 0 | U24: =U23*-$H$37 -> 0 | V24: =V23*-$H$37 -> 0 | W24: =W23*-$H$37 -> 0 | ... EF24: =EF23*-$H$37 -> 0
B25: Total Purchase Cost | E25: =SUM(D21:D24) -> 26350000 | G25: Interest payment p/a | H25: =I22*H23 -> 1677375
G26: Capital payment p/a | H26: =(-PMT(H23/12,H24*12,I22)*12)-H25 -> 1503901.4 | M26: Cash flow before finance | N26: =SUM(N12:N25) -> 78203700 | P26: =SUM(P12:P25) -> -26350000 | Q26: =SUM(Q12:Q25) -> 0 | R26: =SUM(R12:R25) -> -2520833.3 | S26: =SUM(S12:S25) -> -2520833.3 | T26: =SUM(T12:T25) -> -2520833.3 | U26: =SUM(U12:U25) -> -2520833.3 | V26: =SUM(V12:V25) -> -2520833.3 | W26: =SUM(W12:W25) -> -2520833.3 | ... EF26: =SUM(EF12:EF25) -> 0
B27: Build GIA | D27: 275000 | G27: Stabilised NOI | H27: =I13-H25-H26 -> 3528223.6
B28: Build Start Date | D28: 44256 | G28: DSCR | H28: =(I13/SUM(H25:H26)) -> 2.1090591 | M28: Investment Finance
B29: Build program | D29: 24 | M29: Investment Finance Drawdown | P29: =(P10=$D$30)*$I$22 -> 0 | Q29: =(Q10=$D$30)*$I$22 -> 0 | R29: =(R10=$D$30)*$I$22 -> 0 | S29: =(S10=$D$30)*$I$22 -> 0 | T29: =(T10=$D$30)*$I$22 -> 0 | U29: =(U10=$D$30)*$I$22 -> 0 | V29: =(V10=$D$30)*$I$22 -> 0 | W29: =(W10=$D$30)*$I$22 -> 0 | ... EF29: =(EF10=$D$30)*$I$22 -> 0
B30: PC | D30: =EDATE(D28,D29) -> 44986 | M30: Beginning Balance | P30: =P29+O34 -> 0 | Q30: =Q29+P34 -> 0 | R30: =R29+Q34 -> 0 | S30: =S29+R34 -> 0 | T30: =T29+S34 -> 0 | U30: =U29+T34 -> 0 | V30: =V29+U34 -> 0 | W30: =W29+V34 -> 0 | ... EF30: =EF29+EE34 -> 0
G31: Disposal/Sale | M31: Payment | P31: =IF(P10=$I$33,P30+P30*((1+$H$23)^(1/12)-1),(P30>0)*-PMT($H$23/12,$H$24*12,$I$22)) -> 0 | Q31: =IF(Q10=$I$33,Q30+Q30*((1+$H$23)^(1/12)-1),(Q30>0)*-PMT($H$23/12,$H$24*12,$I$22)) -> 0 | R31: =IF(R10=$I$33,R30+R30*((1+$H$23)^(1/12)-1),(R30>0)*-PMT($H$23/12,$H$24*12,$I$22)) -> 0 | S31: =IF(S10=$I$33,S30+S30*((1+$H$23)^(1/12)-1),(S30>0)*-PMT($H$23/12,$H$24*12,$I$22)) -> 0 | T31: =IF(T10=$I$33,T30+T30*((1+$H$23)^(1/12)-1),(T30>0)*-PMT($H$23/12,$H$24*12,$I$22)) -> 0 | U31: =IF(U10=$I$33,U30+U30*((1+$H$23)^(1/12)-1),(U30>0)*-PMT($H$23/12,$H$24*12,$I$22)) -> 0 | V31: =IF(V10=$I$33,V30+V30*((1+$H$23)^(1/12)-1),(V30>0)*-PMT($H$23/12,$H$24*12,$I$22)) -> 0 | W31: =IF(W10=$I$33,W30+W30*((1+$H$23)^(1/12)-1),(W30>0)*-PMT($H$23/12,$H$24*12,$I$22)) -> 0 | ... EF31: =IF(EF10=$I$33,EF30+EF30*((1+$H$23)^(1/12)-1),(EF30>0)*-PMT($H$23/12,$H$24*12,$I$22)) -> 0
B32: Build Costs | M32: Interest | N32: =SUM(P32:EF32) -> 7932160.9 | P32: =P30*((1+$H$23)^(1/12)-1) -> 0 | Q32: =Q30*((1+$H$23)^(1/12)-1) -> 0 | R32: =R30*((1+$H$23)^(1/12)-1) -> 0 | S32: =S30*((1+$H$23)^(1/12)-1) -> 0 | T32: =T30*((1+$H$23)^(1/12)-1) -> 0 | U32: =U30*((1+$H$23)^(1/12)-1) -> 0 | V32: =V30*((1+$H$23)^(1/12)-1) -> 0 | W32: =W30*((1+$H$23)^(1/12)-1) -> 0 | ... EF32: =EF30*((1+$H$23)^(1/12)-1) -> 0
B33: Square foot | D33: =D27 -> 275000 | G33: Sale Date | I33: =EDATE(D30,I17*12) -> 46813 | M33: Capital Payment | P33: =P31-P32 -> 0 | Q33: =Q31-Q32 -> 0 | R33: =R31-R32 -> 0 | S33: =S31-S32 -> 0 | T33: =T31-T32 -> 0 | U33: =U31-U32 -> 0 | V33: =V31-V32 -> 0 | W33: =W31-W32 -> 0 | ... EF33: =EF31-EF32 -> 0
B34: Hard Build cost psf | C34: 200 | D34: =D33*C34 -> 55000000 | G34: NOI p/a | H34: =I13 -> 6709500 | M34: Ending Balance | P34: =P30-P33 -> 0 | Q34: =Q30-Q33 -> 0 | R34: =R30-R33 -> 0 | S34: =S30-S33 -> 0 | T34: =T30-T33 -> 0 | U34: =U30-U33 -> 0 | V34: =V30-V33 -> 0 | W34: =W30-W33 -> 0 | ... EF34: =EF30-EF33 -> 0
B35: Soft Build Costs | C35: 0.1 | D35: =D34*C35 -> 5500000 | G35: Net Yield to Dispose | H35: 0.05
B36: Total Build Cost | E36: =SUM(D34:D35) -> 60500000 | G36: Sale price | I36: =H34/H35 -> 134190000 | M36: Cash Flow after Investment Finance | N36: =N26-N32 -> 70271539 | P36: =P26+P29-P31 -> -26350000 | Q36: =Q26+Q29-Q31 -> 0 | R36: =R26+R29-R31 -> -2520833.3 | S36: =S26+S29-S31 -> -2520833.3 | T36: =T26+T29-T31 -> -2520833.3 | U36: =U26+U29-U31 -> -2520833.3 | V36: =V26+V29-V31 -> -2520833.3 | W36: =W26+W29-W31 -> -2520833.3 | ... EF36: =EF26+EF29-EF31 -> 0
G37: ="- sales costs" -> - sales costs | H37: 0.02 | I37: =I36*H37 -> 2683800
B38: Construction Finance | G38: Net Sale | J38: =I36-I37 -> 131506200 | M38: Construction Finance
M39: Construction Draw Schedule | P39: =-SUM(P17:P18) -> 0 | Q39: =-SUM(Q17:Q18) -> 0 | R39: =-SUM(R17:R18) -> 2520833.3 | S39: =-SUM(S17:S18) -> 2520833.3 | T39: =-SUM(T17:T18) -> 2520833.3 | U39: =-SUM(U17:U18) -> 2520833.3 | V39: =-SUM(V17:V18) -> 2520833.3 | W39: =-SUM(W17:W18) -> 2520833.3 | ... EF39: =-SUM(EF17:EF18) -> 0
B40: Loan To Cost | D40: 0.6
B41: Interest | D41: 0.05 | M41: Equity Schedule
B42: Loan Pre-Interest Reserve | D42: =D40*E36 -> 36300000 | M42: Beginning Balance | P42: =E36-D42 -> 24200000 | Q42: =P44 -> 24200000 | R42: =Q44 -> 24200000 | S42: =R44 -> 21679167 | T42: =S44 -> 19158333 | U42: =T44 -> 16637500 | V42: =U44 -> 14116667 | W42: =V44 -> 11595833 | X42: =W44 -> 9075000 | ... EF42: =EE44 -> 0
B43: Loan Post-Interest Reserve | D43: =MAX(P51:EF51) -> 37309051 | M43: Equity Funded | P43: =MIN(P42,P39) -> 0 | Q43: =MIN(Q42,Q39) -> 0 | R43: =MIN(R42,R39) -> 2520833.3 | S43: =MIN(S42,S39) -> 2520833.3 | T43: =MIN(T42,T39) -> 2520833.3 | U43: =MIN(U42,U39) -> 2520833.3 | V43: =MIN(V42,V39) -> 2520833.3 | W43: =MIN(W42,W39) -> 2520833.3 | ... EF43: =MIN(EF42,EF39) -> 0
B44: Loan Cost | E44: =SUM(P52:EF52) -> 1161052.4 | M44: Remaining Balance | P44: =P42-P43 -> 24200000 | Q44: =Q42-Q43 -> 24200000 | R44: =R42-R43 -> 21679167 | S44: =S42-S43 -> 19158333 | T44: =T42-T43 -> 16637500 | U44: =U42-U43 -> 14116667 | V44: =V42-V43 -> 11595833 | W44: =W42-W43 -> 9075000 | ... EF44: =EF42-EF43 -> 0
M45: Cumulative Balance | P45: =SUM($P$43:P43) -> 0 | Q45: =SUM($P$43:Q43) -> 0 | R45: =SUM($P$43:R43) -> 2520833.3 | S45: =SUM($P$43:S43) -> 5041666.7 | T45: =SUM($P$43:T43) -> 7562500 | U45: =SUM($P$43:U43) -> 10083333 | V45: =SUM($P$43:V43) -> 12604167 | W45: =SUM($P$43:W43) -> 15125000 | ... EF45: =SUM($P$43:EF43) -> 24200000
B47: Total Project Cost | E47: =E25+E36+E44 -> 88011052 | G47: Total Project Income | J47: =J18-J23+J38 -> 1.5712154e+08 | M47: Debt Schedule
M48: Beginning Balance | P48: =D42 -> 36300000 | Q48: =P50 -> 36300000 | R48: =Q50 -> 36300000 | S48: =R50 -> 36300000 | T48: =S50 -> 36300000 | U48: =T50 -> 36300000 | V48: =U50 -> 36300000 | W48: =V50 -> 36300000 | X48: =W50 -> 36300000 | ... EF48: =EE50 -> 1.8626451e-08
M49: Debt Funded | P49: =MIN(P39-P43,P48) -> 0 | Q49: =MIN(Q39-Q43,Q48) -> 0 | R49: =MIN(R39-R43,R48) -> 0 | S49: =MIN(S39-S43,S48) -> 0 | T49: =MIN(T39-T43,T48) -> 0 | U49: =MIN(U39-U43,U48) -> 0 | V49: =MIN(V39-V43,V48) -> 0 | W49: =MIN(W39-W43,W48) -> 0 | ... EF49: =MIN(EF39-EF43,EF48) -> 0
M50: Remaining Balance | P50: =P48-P49 -> 36300000 | Q50: =Q48-Q49 -> 36300000 | R50: =R48-R49 -> 36300000 | S50: =S48-S49 -> 36300000 | T50: =T48-T49 -> 36300000 | U50: =U48-U49 -> 36300000 | V50: =V48-V49 -> 36300000 | W50: =W48-W49 -> 36300000 | ... EF50: =EF48-EF49 -> 1.8626451e-08
M51: Cumulative Balance | P51: =MAX(SUM($P$49:P49)+SUM($O$52:O52)-SUM($P$55:P55),0) -> 0 | Q51: =MAX(SUM($P$49:Q49)+SUM($O$52:P52)-SUM($P$55:Q55),0) -> 0 | R51: =MAX(SUM($P$49:R49)+SUM($O$52:Q52)-SUM($P$55:R55),0) -> 0 | S51: =MAX(SUM($P$49:S49)+SUM($O$52:R52)-SUM($P$55:S55),0) -> 0 | T51: =MAX(SUM($P$49:T49)+SUM($O$52:S52)-SUM($P$55:T55),0) -> 0 | U51: =MAX(SUM($P$49:U49)+SUM($O$52:T52)-SUM($P$55:U55),0) -> 0 | V51: =MAX(SUM($P$49:V49)+SUM($O$52:U52)-SUM($P$55:V55),0) -> 0 | W51: =MAX(SUM($P$49:W49)+SUM($O$52:V52)-SUM($P$55:W55),0) -> 0 | ... EF51: =MAX(SUM($P$49:EF49)+SUM($O$52:EE52)-SUM($P$55:EF55),0) -> 0
E52: Results | M52: Capitalised Interest | N52: =SUM(P52:EF52) -> 1161052.4 | P52: =P51*((1+$D$41)^(1/12)-1) -> 0 | Q52: =Q51*((1+$D$41)^(1/12)-1) -> 0 | R52: =R51*((1+$D$41)^(1/12)-1) -> 0 | S52: =S51*((1+$D$41)^(1/12)-1) -> 0 | T52: =T51*((1+$D$41)^(1/12)-1) -> 0 | U52: =U51*((1+$D$41)^(1/12)-1) -> 0 | V52: =V51*((1+$D$41)^(1/12)-1) -> 0 | W52: =W51*((1+$D$41)^(1/12)-1) -> 0 | ... EF52: =EF51*((1+$D$41)^(1/12)-1) -> 0
E53: Profit | G53: =J47-E47 -> 69110487
E54: IRR | G54: =XIRR(P58:EF58,P10:EF10,0.1) -> 0.19463744 | M54: Revenue | P54: =MAX(P36,0) -> 0 | Q54: =MAX(Q36,0) -> 0 | R54: =MAX(R36,0) -> 0 | S54: =MAX(S36,0) -> 0 | T54: =MAX(T36,0) -> 0 | U54: =MAX(U36,0) -> 0 | V54: =MAX(V36,0) -> 0 | W54: =MAX(W36,0) -> 0 | ... EF54: =MAX(EF36,0) -> 0
E55: Unlevered IRR | G55: =XIRR(P26:EF26,P10:EF10,0.1) -> 0.11695219 | M55: Loan Payback | P55: =(P54>0)*MIN(P54,O51+O52) -> 0 | Q55: =(Q54>0)*MIN(Q54,P51+P52) -> 0 | R55: =(R54>0)*MIN(R54,Q51+Q52) -> 0 | S55: =(S54>0)*MIN(S54,R51+R52) -> 0 | T55: =(T54>0)*MIN(T54,S51+S52) -> 0 | U55: =(U54>0)*MIN(U54,T51+T52) -> 0 | V55: =(V54>0)*MIN(V54,U51+U52) -> 0 | W55: =(W54>0)*MIN(W54,V51+V52) -> 0 | ... EF55: =(EF54>0)*MIN(EF54,EE51+EE52) -> 0
E56: Required Equity | G56: =-MIN(P60:EF60) -> 50550000
E57: Equity Multiple | G57: =1+(G53/G56) -> 2.3671709
M58: Cash flow after finance | N58: =N36-N52 -> 69110487 | P58: =P36+P49-P55 -> -26350000 | Q58: =Q36+Q49-Q55 -> 0 | R58: =R36+R49-R55 -> -2520833.3 | S58: =S36+S49-S55 -> -2520833.3 | T58: =T36+T49-T55 -> -2520833.3 | U58: =U36+U49-U55 -> -2520833.3 | V58: =V36+V49-V55 -> -2520833.3 | W58: =W36+W49-W55 -> -2520833.3 | ... EF58: =EF36+EF49-EF55 -> 0
M60: Cumulative cash flow | P60: =P58+O60 -> -26350000 | Q60: =Q58+P60 -> -26350000 | R60: =R58+Q60 -> -28870833 | S60: =S58+R60 -> -31391667 | T60: =T58+S60 -> -33912500 | U60: =U58+T60 -> -36433333 | V60: =V58+U60 -> -38954167 | W60: =W58+V60 -> -41475000 | ... EF60: =EF58+EE60 -> 69110487
